AoeStats
← 妓术总奸

Hideout

503589379Analyzed
3v3 RM · 1mo ago on Sep 1, 2026· 46m 58s· 6 players
Game mode
Random Map
Map size
Normal (6 player)
Population
200
Speed
Normal
Resources
Standard
Victory
Conquest
Starting age
Dark Age
Ending age
Imperial Age
RankedLock teamsTeams togetherTeam positionsShared explorationLock speedFull tech treeHidden civsTurbo modeCheats
Victory
Defeat
🇭🇰 Bohemians · Hong Kong SAR China
1308
+9
🇨🇳 Franks · China
1099
+18
🇨🇳 Sicilians · China
901
+26
🇸🇪 Gurjaras · Sweden
1214
-21
🇨🇭 Ethiopians · Switzerland
1132
-17
🇭🇰 Wei · Hong Kong SAR China
1113
-17
FreakinAndry
7:41 Loom
9:59 Feudal Age
11:15 Double-Bit Axe
13:54 Fletching
14:04 Padded Archer Armor
20:47 Castle Age
19:25 Horse Collar
22:39 Gold Mining
22:10 Crossbowman
22:58 Thumb Ring
22:52 Bodkin Arrow
23:12 Leather Archer Armor
25:44 Scale Mail Armor
25:54 Forging
29:35 Wheelbarrow
34:52 Imperial Age
33:37 Gold Shaft Mining
36:20 Hand Cart
38:38 Hand Cart
41:56 Bow Saw
41:22 Arbalester
Redlocke
12:08 Feudal Age
12:40 Double-Bit Axe
14:30 Loom
17:02 Castle Age
15:03 Horse Collar
19:22 Bow Saw
21:00 Bloodlines
21:04 Scale Barding Armor
27:37 Chain Barding Armor
27:20 Husbandry
28:26 Wheelbarrow
27:36 Town Watch
31:39 Forging
31:48 Hand Cart
31:59 Caravan
35:25 Imperial Age
33:27 Kshatriyas
36:00 Iron Casting
35:48 Ballistics
35:44 Heavy Camel Rider
37:03 Light Cavalry
38:23 Plate Barding Armor
38:32 Gold Mining
39:16 Frontier Guards
40:12 Fortified Wall
41:01 Conscription
40:39 Fletching
41:03 Masonry
吳國太
9:56 Feudal Age
9:13 Loom
10:25 Double-Bit Axe
10:34 Horse Collar
12:17 Gold Mining
12:18 Stone Mining
15:03 Wheelbarrow
20:08 Castle Age
18:44 Bloodlines
19:05 Forging
19:32 Scale Barding Armor
19:18 Fletching
20:22 Padded Archer Armor
21:10 Bow Saw
21:21 Caravan
21:33 Husbandry
22:08 Heavy Plow
23:14 Gold Shaft Mining
24:25 Stone Shaft Mining
25:25 Hand Cart
25:46 Fervor
26:51 Treadmill Crane
27:54 Fortified Wall
28:33 Thumb Ring
30:16 Ballistics
30:19 Leather Archer Armor
29:59 Bodkin Arrow
34:11 Imperial Age
31:56 Tuntian
32:26 Chain Barding Armor
32:13 Elite Skirmisher
32:18 Light Cavalry
34:17 Masonry
34:05 Murder Holes
34:54 Iron Casting
34:19 Scale Mail Armor
33:58 Pikeman
34:38 Squires
34:24 Arson
35:21 Bracer
36:27 Chemistry
36:46 Parthian Tactics
37:02 Ring Archer Armor
37:33 Blast Furnace
36:34 Scale Mail Armor
37:17 Conscription
37:38 Halberdier
40:12 Ming Guang Armor
39:47 Elite Tiger Cavalry
42:38 Chain Mail Armor
43:49 Heavy Hei Guang Cavalry
妓术总奸
8:10 Loom
10:36 Feudal Age
12:22 Wheelbarrow
11:43 Double-Bit Axe
12:43 Wheelbarrow
12:49 Stone Mining
20:10 Gold Mining
21:49 Fletching
22:36 Horse Collar
27:26 Castle Age
27:10 Scale Mail Armor
27:21 Forging
28:31 Bow Saw
28:22 Heavy Plow
29:29 Gold Shaft Mining
29:31 Stone Shaft Mining
28:55 Bodkin Arrow
30:51 Iron Casting
33:32 Hand Cart
38:21 Imperial Age
37:35 Caravan
39:39 Chain Mail Armor
40:25 Blast Furnace
39:27 Bracer
40:13 Conscription
40:27 First Crusade
41:57 Plate Mail Armor
41:32 Bracer
41:43 Elite Serjeant
43:19 Arson
43:34 Squires
42:56 Pikeman
_TY_Power
10:37 Feudal Age
14:15 Castle Age
12:11 Double-Bit Axe
12:47 Horse Collar
19:17 Loom
20:45 Wheelbarrow
21:17 Bow Saw
23:39 Heavy Plow
25:12 Hand Cart
28:10 Imperial Age
27:27 Chemistry
26:40 Fletching
27:02 Pikeman
27:43 Squires
27:39 Bodkin Arrow
28:03 Masonry
28:14 Ballistics
28:16 Scale Mail Armor
28:50 Halberdier
31:53 Architecture
32:18 Chain Mail Armor
32:04 Bracer
32:15 Forging
33:14 Conscription
32:58 Padded Archer Armor
34:11 Hand Cart
35:10 Bombard Tower
34:36 Arrowslits
34:41 Guard Tower
36:39 Two-Man Saw
36:42 Plate Mail Armor
36:48 Iron Casting
37:07 Houfnice
38:21 Leather Archer Armor
39:09 Town Watch
YUZ
5:36 Loom
11:34 Feudal Age
15:28 Castle Age
13:41 Double-Bit Axe
15:50 Gold Mining
15:51 Stone Mining
25:13 Wheelbarrow
29:41 Imperial Age
28:30 Gold Shaft Mining
28:12 Hand Cart
28:09 Bow Saw
29:08 Scale Barding Armor
29:14 Forging
30:18 Chain Barding Armor
30:20 Husbandry
29:57 Cavalier
31:08 Chivalry
31:28 Conscription
31:15 Paladin
32:33 Iron Casting
34:19 Plate Barding Armor
34:44 Blast Furnace
40:32 Caravan
Connection lost

Rejoining the realm…

Still unreachable

The connection could not be restored.

Session expired

The server has moved on; the page needs a fresh start.